 Dungeon Crawl Stone Soup version 0.24-a0-317-g5cb8de4 (webtiles) character file.

Game seed: 4171226184095772497

240080 Klosterheim the Spry (level 20, -6/121 HPs)
             Began as a Halfling Hunter on Apr 21, 2019.
             Was the Champion of Hepliaklqana.
             Drowned by a drowned soul (15 damage)
             ... summoned by a merfolk avatar
             ... on level 4 of the Shoals on May 16, 2019.
             The game lasted 04:59:58 (62849 turns).

Klosterheim the Spry (Halfling Hunter)             Turns: 62849, Time: 04:59:59

Health: -6/121     AC: 23    Str: 13    XL:     20   Next: 57%
Magic:  24/27      EV: 26    Int: 18    God:    Hepliaklqana [******]
Gold:   5737       SH:  8    Dex: 20    Spells: 7/29 levels left

rFire    + . .     SeeInvis +   x - +3 rapier (elec)
rCold    + + +     Gourm    .   E - +0 buckler of Cocytus {+Fly rC++}
rNeg     + + .     Faith    .   h - +5 ring mail {rC+}
rPois    +         Spirit   .   X - +0 mask of the Dragon {MR+ Slay+3 SInv}
rElec    +         Reflect  .   r - +2 cloak
rCorr    .         Harm     .   p - +2 pair of gloves
MR       +++..                  w - +2 pair of boots
Stlth    +++.......             z - amulet of Gel Zeur {Acrobat rPois rN+ Dex+2 Slay+3}
HPRegen  0.30/turn              W - ring "Quahegemi" {+Inv rElec rF+}
MPRegen  0.20/turn              t - ring of the Establishment {rN+ MR+ Int+3}

@: studying Slings, invisible
A: small, reduced essence, mutation resistance 1
}: 1/15 runes: gossamer
a: Recall Ancestor, Ancestor Identity, Transference, Idealise, Renounce
Religion, Evoke Flight


You were on level 4 of the Shoals.
You worshipped Hepliaklqana.
Hepliaklqana was exalted by your worship.
You were not hungry.

You visited 8 branches of the dungeon, and saw 34 of its levels.
You also visited: Trove, Bailey and Ice Cave.

You collected 6940 gold pieces.
You spent 1203 gold pieces at shops.

Inventory:

Hand Weapons
 a - a +2 quick blade of venom
 x - a +3 rapier of electrocution (weapon)
 V - the +1 fustibalus "Olai" {venom, rPois Int+3 Dex+3}
   (You acquired it on level 2 of the Orcish Mines)

   It poisons the ammo it fires.
   It affects your intelligence (+3).
   It affects your dexterity (+3).
   It protects you from poison.
Missiles
 d - 259 sling bullets
 j - 1003 stones (quivered)
 D - 10 throwing nets
Armour
 h - a +5 ring mail of cold resistance (worn)
 p - a +2 pair of gloves (worn)
 r - a +2 cloak (worn)
 w - a +2 pair of boots (worn)
 E - the +0 buckler of Cocytus (worn) {+Fly rC++}
   (You found it in a treasure trove)

   It greatly protects you from cold.
   It lets you fly.
 X - the +0 mask of the Dragon (worn) {MR+ Slay+3 SInv}
   (You found it on level 14 of the Dungeon)

   It affects your accuracy and damage with ranged weapons and melee attacks
   (+3).
   It affects your resistance to hostile enchantments.
   It lets you see invisible.
 Z - the +3 buckler "Adounesu" {rN+ Str+2}
   (You found it in a treasure trove)

   It affects your strength (+2).
   It protects you from negative energy.
Jewellery
 t - the ring of the Establishment (right hand) {rN+ MR+ Int+3}
   (You found it in a treasure trove)

   [ring of positive energy]

   It affects your intelligence (+3).
   It protects you from negative energy.
   It affects your resistance to hostile enchantments.
 z - the amulet of Gel Zeur (around neck) {Acrobat rPois rN+ Dex+2 Slay+3}
   (You found it on level 8 of the Dungeon)

   [amulet of the acrobat]

   It helps you evade while moving and waiting.
   It affects your dexterity (+2).
   It affects your accuracy and damage with ranged weapons and melee attacks
   (+3).
   It protects you from poison.
   It protects you from negative energy.
 C - the ring "Ithryg" {rF+ rC+ MP+9 Stlth+}
   (You took it off an ogre mage on level 14 of the Dungeon)

   [ring of magical power]

   It protects you from fire.
   It protects you from cold.
   It affects your magic capacity (+9).
   It makes you more stealthy.
 W - the ring "Quahegemi" (left hand) {+Inv rElec rF+}
   (You found it in a treasure trove)

   [ring of protection from fire]

   It protects you from fire.
   It insulates you from electricity.
   It lets you turn invisible.
Wands
 o - a wand of polymorph (9)
 B - a wand of iceblast (24)
 J - a wand of flame (13)
 K - a wand of digging (5)
Scrolls
 e - a scroll of enchant armour
 g - 2 scrolls of blinking
 i - 11 scrolls of remove curse
 l - 5 scrolls of amnesia
 s - 2 scrolls of fog
 u - 3 scrolls of enchant weapon
 y - 2 scrolls of teleportation
 F - 10 scrolls of magic mapping
 N - a scroll of holy word
 P - a scroll of vulnerability
 Q - 4 scrolls of silence
 T - 11 scrolls of identify
Potions
 c - 7 potions of magic
 m - 4 potions of lignification
 n - a potion of might
 q - 7 potions of curing
 A - 3 potions of ambrosia
 G - a potion of mutation
 I - 7 potions of cancellation
 M - 4 potions of brilliance
 O - 3 potions of haste
 Y - a potion of agility
Books
 L - a manual of Slings
Miscellaneous
 b - a lamp of fire (inert)
 R - a lightning rod (3/4)
 U - a sack of spiders
Comestibles
 f - 56 rations
 S - 3 chunks of flesh


   Skills:
 - Level 11.0 Fighting
 - Level 12.0 Short Blades
 - Level 14.0 Slings
 - Level 12.0 Armour
 + Level 15.9 Dodging
 - Level 6.0 Stealth
 - Level 8.0 Shields
 - Level 5.0 Spellcasting
 + Level 10.7 Hexes
 - Level 8.0 Translocations
 - Level 5.0 Transmutations
 + Level 12.7 Earth Magic
 - Level 10.0 Invocations


You had 7 spell levels left.
You knew the following spells:

 Your Spells              Type           Power        Failure   Level  Hunger
a - Portal Projectile     Hex/Tloc       #####.       1%          3    ##.....
b - Confusing Touch       Hex            #####.       1%          1    None
c - Animate Skeleton      Necr           N/A          22%         1    None
d - Passwall              Tmut/Erth      #####...     1%          2    #......
e - Cause Fear            Hex            #####.....   2%          4    ####...
f - Leda's Liquefaction   Hex/Erth       #####.....   1%          4    ####...
g - Tukima's Dance        Hex            #####...     1%          3    ##.....
h - Petrify               Tmut/Erth      #####...     6%          4    ####...

Your spell library contained the following spells:

 Spells                   Type           Power        Failure   Level  Hunger
 Apportation              Tloc           ####..       1%          1    None
 Corona                   Hex            #####..      1%          1    None
 Sandblast                Erth           ######       1%          1    None
 Slow                     Hex            #####...     1%          2    #......
 Confuse                  Hex            #####...     1%          3    ##.....
 Lesser Beckoning         Tloc           ####......   2%          3    ##.....
 Beastly Appendage        Tmut           ###...       3%          1    None
 Ensorcelled Hibernation  Hex/Ice        ###...       3%          2    #......
 Lee's Rapid Deconstruct  Erth           ######....   3%          5    ######.
 Sticks to Snakes         Tmut           ###.....     4%          2    #......
 Stone Arrow              Conj/Erth      ####..       4%          3    ##.....
 Shroud of Golubria       Chrm/Tloc      ###.......   7%          2    #......
 Dazzling Spray           Conj/Hex       ###...       8%          3    ##.....
 Inner Flame              Hex/Fire       ###.....     8%          3    ##.....
 Spectral Weapon          Hex/Chrm       ###.....     8%          3    ##.....
 Recall                   Summ/Tloc      N/A          13%         3    ##.....
 Infusion                 Chrm           #...         22%         1    None
 Pain                     Necr           #...         22%         1    None
 Summon Butterflies       Summ           #.......     22%         1    None
 Summon Small Mammal      Summ           #...         22%         1    None
 Spider Form              Tmut/Pois      ##........   24%         3    ##.....
 Yara's Violent Unravell  Hex/Tmut       ####......   26%         5    ######.
 Poisonous Vapours        Pois/Air       #.....       34%         2    #......
 Song of Slaying          Chrm           #.......     34%         2    #......
 Invisibility             Hex            #####...     41%         6    #######
 Borgnjor's Vile Clutch   Necr/Erth      ####......   43%         5    ######.
 Call Canine Familiar     Summ           #.......     56%         3    ##.....
 Conjure Flame            Conj/Fire      #.......     56%         3    ##.....
 Mephitic Cloud           Conj/Pois/Air  #.......     56%         3    ##.....
 Ozocubu's Armour         Chrm/Ice       #.......     56%         3    ##.....
 Regeneration             Chrm/Necr      #.........   56%         3    ##.....
 Static Discharge         Conj/Air       #.......     56%         3    ##.....
 Vampiric Draining        Necr           #.........   56%         3    ##.....
 Silence                  Hex/Air        ###.......   56%         5    ######.
 Summon Mana Viper        Hex/Summ       ###.....     56%         5    ######.
 Ice Form                 Ice/Tmut       ##......     63%         4    ####...
 Blade Hands              Tmut           ###.......   63%         5    ######.
 Statue Form              Tmut/Erth      #####....    67%         6    #######
 Animate Dead             Necr           N/A          92%         4    ####...
 Summon Ice Beast         Ice/Summ       #.......     92%         4    ####...
 Alistair's Intoxication  Tmut/Pois      ##......     92%         5    ######.
 Irradiate                Conj/Tmut      ##........   92%         5    ######.
 Lightning Bolt           Conj/Air       #.........   99%         5    ######.
 Hydra Form               Tmut           ###.......   99%         6    #######
 Bolt of Cold             Conj/Ice       #.........   100%        6    #######
 Death Channel            Necr           #.........   100%        6    #######
 Deflect Missiles         Chrm/Air       #.........   100%        6    #######
 Freezing Cloud           Conj/Ice/Air   #.........   100%        6    #######
 Simulacrum               Ice/Necr       #.........   100%        6    #######
 Dragon Form              Tmut           ###.......   100%        7    #######
 Haunt                    Necr/Summ      #.........   100%        7    #######
 Ring of Flames           Chrm/Fire      #.........   100%        7    #######
 Summon Hydra             Summ           #.........   100%        7    #######
 Borgnjor's Revivificati  Necr           #.........   100%        8    #######
 Death's Door             Chrm/Necr      #.........   100%        8    #######
 Discord                  Hex            #####.....   100%        8    #######
 Ignition                 Fire           #.........   100%        8    #######
 Infestation              Necr           #.........   100%        8    #######
 Necromutation            Tmut/Necr      ##........   100%        8    #######
 Shatter                  Erth           ######....   100%        9    #######
 Tornado                  Air            #.........   100%        9    #######


Dungeon Overview and Level Annotations

Branches:
Dungeon (15/15)            Temple (0/1) D:7            Lair (6/6) D:10
 Shoals (4/4) Lair:2       Spider (4/4) Lair:3        Slime (0/5) Lair:5
    Orc (2/2) D:10            Elf (1/3) Orc:2        Vaults (0/5) D:13
 Depths (1/5) D:15           Hell (1/1)
    Dis: Hell:1         Geh: Hell:1         Coc: Hell:1         Tar: Hell:1

Altars:
Cheibriados
Fedhas
Gozag
Hepliaklqana
Kikubaaqudgha
Makhleb
Qazlal
Ru
Trog
The Shining One
Beogh
Jiyva

Shops:
D:10 (   D:15 *   Orc:1 :   Orc:2 [(%??   Shoals:1 [   Shoals:2 %

Portals:
Hell: Lair:6 Depths:1

Annotations:
Hell Geryon


Innate Abilities, Weirdness & Mutations

You are small and have problems with some larger weapons.
You are somewhat resistant to further mutation.
Your life essence is reduced to manifest your ancestor. (-10% HP)


Message History

The drowned soul touches you. The drowned soul drowns you!
* * * LOW HITPOINT WARNING * * *
Evoke which item? (* to show all) (? for menu, Esc to quit)
Aiming: Thunderbolt
Press: ? - help, Shift-Dir - straight line, f/p - merfolk avatar
Aim: a merfolk avatar (water, almost dead, covered in acid)
The thunderbolt hits the merfolk avatar.
The merfolk avatar is almost dead.
The drowned soul touches you. The drowned soul drowns you!
* * * LOW HITPOINT WARNING * * *
You feel better.
The merfolk avatar chants a haunting song.
You resist with almost no effort.
Okay, then.
Press: ? - help, v - describe, . - travel
Here: a merfolk avatar (water, almost dead, covered in acid) Some deep water.
You fade into invisibility!
The drowned soul touches you. The drowned soul drowns you!
You die...

≈≈≈≈≈≈≈≈≈≈≈≈≈≈≈≈...<.≈≈≈≈≈≈
≈≈≈≈≈≈≈≈≈≈<≈≈######..≈≈≈≈≈≈
≈≈≈≈≈≈≈≈≈≈[.#....≈##.R≈≈≈≈≈
.≈≈≈≈≈≈≈≈≈%#).#...≈##≈≈≈≈≈≈
.≈≈≈≈≈≈≈≈≈#()..≈#..≈#≈(≈≈≈≈
≈≈≈≈≈≈≈≈≈≈#(#.≈#≈≈.≈##.(≈≈≈
≈≈≈≈≈≈≈≈≈≈#†(≈##≈≈.≈# .k≈≈≈
≈≈≈≈≈≈≈≈≈≈#.)#≈m≈..≈# .mm≈≈
≈≈≈≈≈P≈≈≈≈#)..≈≈@φ#≈
≈≈≈≈≈≈≈≈≈≈##≈....#≈#
≈≈≈≈≈≈≈P≈≈ ##≈≈≈≈≈##
≈≈≈≈≈≈≈ ####### ≈≈≈≈≈P
≈≈≈≈≈P ≈≈≈≈≈P ≈≈≈≈PP ≈≈≈≈≈≈


You could see a merfolk avatar.

Vanquished Creatures
  Nikola (Shoals:1)
  Arachne (Spider:2)
  Asterion (Spider:4)
  Polyphemus (Shoals:1)
  The ghost of Noname the Spry, an adept SpEE of Ashenzari (Spider:4)
  Roxanne (Spider:2)
  Donald (Spider:4)
  Agnes (Spider:1)
  Ilsuiw (Shoals:2)
  Louise (D:14)
  A frost giant (D:15)
  An emperor scorpion (Spider:4)
  4 ghost moths
  2 very ugly things
  3 entropy weavers (Spider:4)
  2 stone giants
  A vampire knight (Depths:1)
  3 spark wasps (Spider:4)
  A merfolk javelineer (Shoals:2)
  The ghost of Dominolapin the Covert, a journeyman GnAs of Wu Jian (D:11)
  6 merfolk impalers
  An ettin (Depths:1)
  2 fire dragons
  Harold (D:9)
  A great orb of eyes (Depths:1)
  3 ogre magi
  A rakshasa (Depths:1)
  Fannar (Lair:2)
  9 hydras
  3 merfolk aquamancers
  An alligator snapping turtle (Shoals:4)
  2 satyrs
  15 two-headed ogres
  2 merfolk avatars (Shoals:4)
  9 centaur warriors
  2 catoblepae
  3 death yaks (Shoals:1)
  A deep troll earth mage (Depths:1)
  A vampire mage (Depths:1)
  12 sea snakes
  A fire crab (shapeshifter) (D:11)
  5 skeletal warriors
  An unseen horror (D:12)
  A glowing orange brain (shapeshifter) (D:15)
  A deep troll (Orc:2)
  A glowing orange brain (D:14)
  2 wolf spider zombies
  A necromancer (Depths:1)
  3 wizards
  Pikel (D:8)
  5 deep elf magi
  10 harpies
  5 orc knights
  5 cyclopes
  16 orb spiders
  An orc sorcerer (Orc:1)
  18 wolf spiders
  A moth of wrath (Spider:4)
  19 ugly things
  13 manticores
  8 fauns
  4 centaur zombies
  A fire giant skeleton (Depths:1)
  Maurice (D:11)
  8 black mambas
  2 water nymphs
  2 ice statues (IceCv)
  A gargoyle (D:13)
  8 merfolk sirens
  6 elephants (Lair:5)
  Psyche (D:11)
  2 torpor snails
  A smoke demon (Lair:6)
  A yaktaur zombie (Depths:1)
  9 spiny frogs
  2 kobold demonologists
  2 orange demons (Lair:6)
  14 demonic crawlers
  4 rime drakes
  A yaktaur (D:15)
  7 ice devils
  A freezing wraith (D:13)
  6 komodo dragons
  An efreet (D:13)
  3 red devils
  A yaktaur skeleton (Depths:1)
  33 merfolk
  A queen bee (Spider:1)
  A meliai (shapeshifter) (D:14)
  2 meliai (Spider:1)
  24 jumping spiders
  2 polar bears
  8 trolls
  14 hornets
  A wind drake (Shoals:1)
  8 blink frogs (Lair:4)
  7 slime creatures
  4 snapping turtles
  6 dream sheep
  A hippogriff (shapeshifter) (D:13)
  12 hippogriffs
  A spriggan (Lair:5)
  3 shadows
  3 centaur simulacra
  A meliai zombie (D:14)
  44 redbacks
  6 wraiths
  A spriggan (shapeshifter) (Depths:1)
  6 water elementals
  26 tarantellas
  A fire dragon skeleton (Depths:1)
  27 yaks
  3 wyverns
  3 basilisks
  3 fire elementals
  3 hungry ghosts
  Eustachio (D:6)
  A steam dragon (D:7)
  8 vampire mosquitoes
  4 wargs
  3 acid dragons
  17 orc warriors
  7 porcupines
  2 soldier ants (D:10)
  10 hell hounds
  2 ice beasts (D:14)
  6 water moccasins
  A meliai simulacrum (D:14)
  3 sky beasts
  2 slaves (D:9)
  19 ogres
  8 centaurs
  8 wolves (Lair:1)
  15 crocodiles
  A big kobold (D:10)
  22 bullfrogs
  A wyvern zombie (D:13)
  A wyvern skeleton (D:10)
  4 hexers
  A scorpion (D:9)
  A water moccasin skeleton (D:8)
  22 killer bees
  3 wights (D:14)
  2 electric eels
  8 howler monkeys
  2 crimson imps
  A quasit (D:6)
  3 bullfrog zombies
  14 orc priests
  Crazy Yiuf (D:6)
  2 centaur skeletons
  6 hounds
  10 orc wizards
  2 bullfrog skeletons
  5 iguanas
  Natasha (thrice) (D:4)
  Terence (D:3)
  2 hell rats (Depths:1)
  12 worker ants
  A hound zombie (D:9)
  A worker ant zombie (D:6)
  3 gnolls
  A river rat (Lair:1)
  11 adders
  A shadow imp (D:14)
  5 white imps (IceCv)
  7 ufetubi (IceCv)
  An ooze (D:3)
  2 adder zombies
  An adder skeleton (D:5)
  2 worms
  6 dart slugs
  6 leopard geckos
  33 orcs
  3 ball pythons
  10 bats
  3 giant cockroaches
  12 goblins
  12 hobgoblins
  13 jackals
  3 quokkas
  4 frilled lizards
  20 kobolds
  A leopard gecko skeleton (D:7)
  A quokka skeleton (D:5)
  A quokka zombie (D:2)
  13 rats
  2 plants
  A tentacle (Shoals:4)
994 creatures vanquished.

Vanquished Creatures (collateral kills)
  Bai Suzhen (Spider:4)
  Gastronok (Lair:3)
  2 ghost moths (Spider:4)
  An entropy weaver (Spider:4)
  Azrael (Spider:2)
  A merfolk javelineer (Shoals:4)
  An ettin (Depths:1)
  Josephine (D:11)
  2 merfolk impalers
  A hydra (D:14)
  2 centaur warriors
  A catoblepas (Shoals:2)
  2 ogre magi (Orc:2)
  4 two-headed ogres
  A sun demon (Lair:6)
  A skeletal warrior (D:14)
  2 unseen horrors
  A deep troll (Orc:2)
  2 sea snakes
  2 orb spiders (Spider:4)
  7 harpies
  2 ugly things
  A faun (Shoals:3)
  2 manticores
  3 cyclopes
  A centaur zombie (D:14)
  3 elephants (Lair:5)
  2 black mambas
  2 merfolk sirens
  A torpor snail (Spider:3)
  2 water nymphs (Shoals:4)
  A centaur skeleton (D:15)
  3 spiny frogs
  2 demonic crawlers
  A rime drake (Lair:6)
  3 komodo dragons
  An ice devil (IceCv)
  A yaktaur (D:14)
  A tengu conjurer (D:15)
  7 trolls
  6 merfolk
  A meliai (Spider:1)
  2 wind drakes
  A polar bear (Lair:3)
  4 jumping spiders
  2 hippogriffs
  A blink frog (Lair:6)
  A dream sheep (Lair:5)
  A meliai zombie (D:13)
  3 water elementals
  7 redbacks
  6 tarantellas
  9 yaks
  A hungry ghost (D:8)
  2 basilisks
  A warg (Orc:1)
  2 hell hounds (Lair:6)
  2 water moccasins
  5 orc warriors
  2 sky beasts
  A black bear (Lair:5)
  A necrophage (D:10)
  14 ogres
  2 centaurs
  A crocodile (D:12)
  11 bullfrogs
  A scorpion (D:8)
  5 killer bees
  A wight (D:14)
  3 howler monkeys
  A crimson imp (D:8)
  A hound (D:14)
  A quasit (D:10)
  6 orc priests
  4 orc wizards
  2 worker ants
  A hound skeleton (D:8)
  A gnoll (D:3)
  A howler monkey skeleton (D:5)
  4 adders
  A white imp (IceCv)
  2 ufetubi (IceCv)
  An ooze (D:7)
  2 adder skeletons
  A worm (D:3)
  2 leopard geckos (D:5)
  23 orcs
  5 goblins
  A hobgoblin (D:3)
  2 jackals (D:4)
  2 quokkas
  3 bats
  10 kobolds
  A bush (Lair:5)
  3 fungi
  2 plants
258 creatures vanquished.

Vanquished Creatures (others)
  A kraken (Shoals:4)
  A reaper (IceCv)
  An ogre mage (Depths:1)
  A two-headed ogre (Depths:1)
  A deep troll shaman (Depths:1)
  3 deep trolls (Depths:1)
  2 wolf spiders (Spider:4)
  A demonic crawler (Spider:2)
  6 slime creatures (Depths:1)
  A redback (Spider:4)
  A slave (D:9)
  An ogre (Depths:1)
  A crimson imp (D:9)
  An orc priest (D:9)
  74 hexers
  A worker ant zombie (D:9)
  2 white imps (IceCv)
  3 ufetubi (IceCv)
  An ancestor (D:3)
  13 fungi (Lair:6)
  14 plants
  5 tentacles (Shoals:4)
135 creatures vanquished.

Grand Total: 1387 creatures vanquished

Notes
Turn   | Place    | Note
-------+----------+-------------------------------------------
     0 | D:1      | Klosterheim the Halfling Hunter began the quest for the
                  | Orb.
     0 | D:1      | Reached XP level 1. HP: 14/14 MP: 1/1
    88 | D:1      | Reached skill level 1 in Short Blades
   100 | D:1      | Reached XP level 2. HP: 19/19 MP: 2/2
   323 | D:1      | Reached XP level 3. HP: 20/24 MP: 3/3
   650 | D:2      | Reached XP level 4. HP: 13/30 MP: 4/4
  1097 | D:2      | Found a bloodstained altar of Trog.
  1115 | D:2      | Found an ancient bone altar of Kikubaaqudgha.
  1116 | D:2      | Found a hazy altar of Hepliaklqana.
  1245 | D:2      | Became a worshipper of Hepliaklqana the Forgotten
  1323 | D:2      | Reached XP level 5. HP: 23/31 MP: 5/5
  1772 | D:2      | Found a blossoming altar of Fedhas.
  2568 | D:3      | Reached skill level 5 in Short Blades
  2568 | D:3      | Reached XP level 6. HP: 29/37 MP: 6/6
  2678 | D:3      | Noticed Terence
  2695 | D:3      | Killed Terence
  3051 | D:3      | Reached * piety under Hepliaklqana
  3703 | D:4      | Noticed Natasha
  3712 | D:4      | Killed Natasha
  3779 | D:4      | Reached XP level 7. HP: 41/42 MP: 7/7
  3867 | D:4      | Noticed Natasha
  3878 | D:4      | Killed Natasha
  3925 | D:4      | Noticed Natasha
  3932 | D:4      | Killed Natasha
  3944 | D:5      | Entered Level 5 of the Dungeon
  3994 | D:5      | Reached skill level 3 in Dodging
  4465 | D:5      | Learned a level 3 spell: Portal Projectile
  4494 | D:5      | Reached XP level 8. HP: 28/48 MP: 6/8
  4702 | D:5      | Reached skill level 1 in Translocations
  4801 | D:5      | Reached ** piety under Hepliaklqana
  4802 | D:5      | Remembered your ancestor Aylmer as a hexer
  4850 | D:5      | Found a sacrificial altar of Ru.
  5051 | D:6      | Reached skill level 1 in Hexes
  5066 | D:6      | Reached skill level 4 in Dodging
  5066 | D:6      | Reached skill level 1 in Spellcasting
  5300 | D:6      | Noticed Eustachio
  5313 | D:6      | Killed Eustachio
  5317 | D:6      | Reached XP level 9. HP: 41/54 MP: 4/11
  5444 | D:6      | Reached skill level 5 in Fighting
  5558 | D:6      | Found a runed translucent door.
  5559 | D:6      | Noticed Crazy Yiuf
  5902 | D:6      | Upgraded the game from 0.24-a0-269-g32ec7ca to
                  | 0.24-a0-307-gf989941
  6279 | D:6      | Killed Crazy Yiuf
  6390 | D:7      | Reached skill level 5 in Dodging
  6530 | D:7      | Found a staircase to the Ecumenical Temple.
  7236 | D:8      | Found a flagged portal.
  7262 | Bailey   | Entered a bailey
  7554 | Bailey   | Noticed an orc knight
  7594 | Bailey   | Killed an orc knight
  7594 | Bailey   | Reached skill level 10 in Short Blades
  7594 | Bailey   | Reached XP level 10. HP: 61/61 MP: 13/13
  7871 | D:8      | Found a snail-covered altar of Cheibriados.
  7887 | D:8      | Reached *** piety under Hepliaklqana
  7896 | D:8      | Reached skill level 6 in Dodging
  8130 | D:8      | Learned a level 1 spell: Confusing Touch
  8132 | D:8      | Learned a level 1 spell: Animate Skeleton
  8281 | D:8      | Got a sparkling bone amulet
  8519 | D:9      | Noticed Harold
  8875 | D:9      | Noticed Pikel
  8932 | D:8      | Killed Pikel
  9497 | D:9      | Killed Harold
  9497 | D:9      | Reached skill level 1 in Armour
  9497 | D:9      | Reached XP level 11. HP: 35/66 MP: 2/14
  9816 | D:9      | Identified the amulet of Gel Zeur {Acrobat rPois rN+ Dex+2
                  | Slay+3} (You found it on level 8 of the Dungeon)
  9826 | D:10     | Entered Level 10 of the Dungeon
  9858 | D:10     | Found Ucixugim's Antique Weapon Boutique.
  9950 | D:10     | Found a portal to a secret trove of treasure.
 10340 | D:10     | Reached skill level 7 in Dodging
 10520 | D:10     | Found a staircase to the Lair.
 10576 | D:10     | Reached skill level 1 in Shields
 10590 | D:10     | Reached skill level 5 in Translocations
 10681 | D:10     | Reached **** piety under Hepliaklqana
 10843 | D:10     | Found a staircase to the Orcish Mines.
 10968 | Lair:1   | Entered Level 1 of the Lair of Beasts
 11161 | Lair:1   | Noticed a five-headed hydra
 11281 | D:10     | Killed a five-headed hydra
 11608 | Lair:1   | Reached skill level 5 in Hexes
 11787 | Lair:1   | Reached skill level 5 in Armour
 12045 | Lair:1   | Reached skill level 5 in Shields
 12336 | Lair:2   | Noticed a manticore
 12585 | Lair:2   | Killed a manticore
 12585 | Lair:2   | Reached skill level 1 in Invocations
 12585 | Lair:2   | Reached XP level 12. HP: 61/72 MP: 16/16
 12604 | Lair:2   | Found a staircase to the Shoals.
 12642 | Lair:2   | Noticed Fannar
 12858 | Lair:2   | Killed Fannar
 13565 | Lair:2   | Noticed an eight-headed hydra
 13790 | Lair:1   | Killed an eight-headed hydra
 13790 | Lair:1   | Reached skill level 10 in Slings
 14912 | Lair:3   | Found a hole to the Spider Nest.
 15380 | Lair:3   | Noticed Gastronok
 15389 | Lair:3   | Killed Gastronok
 15389 | Lair:3   | Reached XP level 13. HP: 77/77 MP: 6/18
 15564 | Lair:3   | Noticed a four-headed hydra
 15575 | Lair:3   | Killed a four-headed hydra
 16239 | Lair:3   | Reached skill level 8 in Dodging
 16682 | Lair:4   | Noticed a seven-headed hydra
 16683 | Lair:4   | Reached ***** piety under Hepliaklqana
 16696 | Lair:4   | Killed a seven-headed hydra
 16994 | Lair:4   | Reached skill level 9 in Dodging
 18099 | Lair:5   | Found a staircase to the Slime Pits.
 18099 | Lair:5   | Found a viscous altar of Jiyva.
 18663 | Lair:5   | Noticed a four-headed hydra
 18682 | Lair:5   | Killed a four-headed hydra
 19259 | Lair:6   | Entered Level 6 of the Lair of Beasts
 19321 | Lair:6   | Noticed a catoblepas
 19351 | Lair:6   | Killed a catoblepas
 19652 | Lair:5   | Reached XP level 14. HP: 60/82 MP: 20/20
 20536 | Lair:5   | Reached skill level 10 in Dodging
 22324 | Lair:5   | Learned a level 2 spell: Passwall
 22702 | Lair:5   | Reached skill level 1 in Earth Magic
 24240 | Lair:6   | Found a burning altar of Makhleb.
 24303 | Lair:6   | Found a gateway to Hell.
 25411 | Lair:6   | Reached skill level 11 in Dodging
 25834 | D:11     | Found a glowing golden altar of the Shining One.
 25966 | D:11     | Noticed Psyche
 26529 | D:11     | Killed Psyche
 27247 | D:11     | Noticed Josephine
 27571 | D:11     | Noticed Maurice
 27596 | D:11     | Killed Maurice
 28126 | D:11     | Reached XP level 15. HP: 89/89 MP: 21/21
 28158 | D:11     | Found a runed translucent door.
 28158 | D:11     | Noticed Dominolapin's ghost (journeyman GnAs)
 28464 | D:11     | Killed Josephine
 28494 | D:11     | Killed Dominolapin's ghost
 29027 | D:12     | Reached skill level 5 in Earth Magic
 29848 | Orc:1    | Entered Level 1 of the Orcish Mines
 29848 | Orc:1    | Found Cegosed's Book Emporium.
 29858 | Orc:1    | Found a roughly hewn altar of Beogh.
 29891 | Orc:1    | Reached skill level 12 in Dodging
 30778 | Orc:1    | Noticed a stone giant
 30834 | D:10     | Killed a stone giant
 31181 | Orc:1    | Reached ****** piety under Hepliaklqana
 31195 | Orc:1    | Found a roughly hewn altar of Beogh.
 31624 | Orc:2    | Entered Level 2 of the Orcish Mines
 31664 | Orc:2    | Found a roughly hewn altar of Beogh.
 32252 | Orc:2    | Found Aresoc's Magic Scroll Shop.
 32252 | Orc:2    | Found a staircase to the Elven Halls.
 32291 | Orc:2    | Bought 3 scrolls of identify for 66 gold pieces
 32614 | Orc:2    | Reached skill level 1 in Transmutations
 32846 | Orc:2    | Found a roughly hewn altar of Beogh.
 33240 | Orc:2    | Found Nimunem's Armour Shop.
 33241 | Orc:2    | Found Pife's Food Emporium.
 33257 | Orc:2    | Found Dupank's Antique Weapon Shop.
 33302 | Orc:2    | Found Opiapan's Magic Scroll Boutique.
 33340 | Orc:2    | Reached skill level 5 in Stealth
 33655 | Orc:2    | Bought a scroll of identify for 22 gold pieces
 33655 | Orc:2    | Bought a scroll of summoning for 104 gold pieces
 33717 | Orc:2    | Bought a scroll of acquirement for 832 gold pieces
 33718 | Orc:2    | Got a pitted fustibalus
 33719 | Orc:2    | Identified the +1 fustibalus "Olai" {venom, rPois Int+3
                  | Dex+3} (You acquired it on level 2 of the Orcish Mines)
 33915 | Elf:1    | Entered Level 1 of the Elven Halls
 34445 | D:13     | Reached XP level 16. HP: 76/97 MP: 3/22
 34453 | D:13     | Reached skill level 5 in Invocations
 35454 | D:13     | Found a gate to the Vaults.
 35525 | D:14     | Found a frozen archway.
 35594 | IceCv    | Entered an ice cave
 36955 | D:10     | You paid a toll of a +5 demon trident to enter a treasure
                  | trove
 36956 | Trove    | Entered a treasure trove
 36964 | Trove    | Got a pitted marble ring
 36966 | Trove    | Got a brightly glowing lead ring
 36968 | Trove    | Got a twisted buckler
 36978 | Trove    | Got a steaming iron ring
 36980 | Trove    | Got a faintly glowing lead ring
 36982 | Trove    | Got a spiked buckler
 36997 | Trove    | Identified the ring of the Establishment {rN+ MR+ Int+3}
                  | (You found it in a treasure trove)
 36998 | Trove    | Identified the ring "Ytuploud" {+Fly rPois Int+3} (You
                  | found it in a treasure trove)
 37024 | D:10     | Identified the ring "Quahegemi" {+Inv rElec rF+} (You found
                  | it in a treasure trove)
 37025 | D:10     | Identified the ring "Qotautus" {Fire Dex+3 Slay+3} (You
                  | found it in a treasure trove)
 37034 | D:10     | Identified the cursed +0 buckler of Cocytus {+Fly rC++}
                  | (You found it in a treasure trove)
 37045 | D:10     | Identified the +3 buckler "Adounesu" {rN+ Str+2} (You found
                  | it in a treasure trove)
 37252 | D:14     | Identified the cursed +0 plate armour "Jyamao" {rF+ MR+
                  | Slay+2}
 37358 | D:13     | Learned a level 4 spell: Cause Fear
 38584 | D:14     | Reached skill level 13 in Dodging
 38871 | D:14     | Identified the ring "Ithryg" {rF+ rC+ MP+9 Stlth+}
 38876 | D:14     | Found the +0 mask of the Dragon {MR+ Slay+3 SInv}
 39475 | D:14     | Noticed Louise
 39489 | D:14     | Killed Louise
 39625 | D:14     | Reached skill level 5 in Spellcasting
 39968 | D:13     | Reached skill level 10 in Armour
 40694 | D:14     | Reached XP level 17. HP: 76/100 MP: 24/24
 41312 | D:14     | Found an opulent altar of Gozag.
 41408 | D:15     | Entered Level 15 of the Dungeon
 41561 | D:15     | Found Caong's Assorted Antiques.
 41610 | D:15     | Bought a pair of boots for 121 gold pieces
 42388 | D:15     | Found a stormy altar of Qazlal.
 42783 | D:15     | Found a staircase to the Depths.
 43116 | D:15     | Learned a level 4 spell: Leda's Liquefaction
 43139 | D:15     | Learned a level 3 spell: Tukima's Dance
 43182 | Depths:1 | Entered Level 1 of the Depths
 43815 | Depths:1 | Reached skill level 14 in Dodging
 43902 | Hell     | Entered the Vestibule of Hell
 43902 | Hell     | Noticed Geryon
 45348 | Spider:1 | Entered Level 1 of the Spider Nest
 45730 | Spider:1 | Noticed Agnes
 46369 | Spider:1 | Killed Agnes
 46903 | Spider:1 | Reached XP level 18. HP: 106/106 MP: 21/25
 47182 | Spider:1 | Learned a level 4 spell: Petrify
 47269 | Spider:2 | Noticed Roxanne
 47624 | Spider:2 | Noticed Azrael
 47849 | Spider:2 | Killed Azrael
 48027 | Spider:2 | Killed Roxanne
 48189 | Spider:2 | Noticed Arachne
 48207 | Spider:2 | Killed Arachne
 48464 | Spider:2 | Reached skill level 10 in Hexes
 48861 | Spider:3 | Reached skill level 10 in Earth Magic
 50098 | Spider:4 | Entered Level 4 of the Spider Nest
 50785 | Spider:4 | Found a runed translucent gate.
 50785 | Spider:4 | Found a runed translucent gate.
 50785 | Spider:4 | Found a runed translucent gate.
 50786 | Spider:4 | Noticed Noname's ghost (adept SpEE)
 50913 | Spider:4 | Reached skill level 15 in Dodging
 52031 | Spider:4 | Reached skill level 5 in Transmutations
 52214 | Spider:4 | Noticed Asterion
 52219 | Spider:4 | Noticed an Executioner
 52226 | Spider:4 | Noticed Bai Suzhen
 52239 | Spider:4 | Identified the +1 shield "Pisiv" {rN++ Dex+6}
 52239 | Spider:4 | Noticed Donald
 52557 | Spider:4 | Reached XP level 19. HP: 60/111 MP: 26/26
 52925 | Spider:4 | Killed Donald
 53645 | Spider:4 | Killed Bai Suzhen
 54210 | Spider:4 | Got a gossamer rune of Zot
 54649 | Spider:4 | Killed Asterion
 55253 | Spider:4 | Killed Noname's ghost
 55598 | Spider:4 | Got a scorched cloak
 55609 | Spider:4 | Identified the cursed -4 cloak of Duty {rElec Regen+ Str+5
                  | Int-3} (You found it on level 4 of the Spider Nest)
 55846 | Shoals:1 | Entered Level 1 of the Shoals
 55983 | Shoals:1 | Found Muptory's Armour Emporium.
 56048 | Shoals:1 | Bought a +0 pair of gloves for 58 gold pieces
 56267 | Shoals:1 | Noticed Nikola
 56299 | Shoals:1 | Killed Nikola
 56299 | Shoals:1 | Reached skill level 10 in Invocations
 57096 | Shoals:2 | Noticed Polyphemus
 57110 | Shoals:2 | Found Raloaps's Food Shop.
 57766 | Shoals:1 | Killed Polyphemus
 57766 | Shoals:1 | Reached skill level 10 in Fighting
 58197 | Shoals:2 | Noticed Ilsuiw
 58625 | Shoals:2 | Killed Ilsuiw
 59009 | Shoals:1 | Reached XP level 20. HP: 37/119 MP: 18/27
 60960 | Shoals:4 | Entered Level 4 of the Shoals
 61072 | Shoals:3 | Upgraded the game from 0.24-a0-307-gf989941 to
                  | 0.24-a0-309-g1095bca
 61218 | Shoals:3 | Upgraded the game from 0.24-a0-309-g1095bca to
                  | 0.24-a0-317-g5cb8de4
 62649 | Shoals:4 | Identified Qeskoigg's Reference Book on the Frostbite
 62847 | Shoals:4 | HP: 2/121 [drowned by a drowned soul[a merfolk avatar]
                  | (11)]
 62849 | Shoals:4 | Drowned by a drowned soul

Levels and vault maps discovered:
D:1:      ebering_hopf_link, layout_loops_cross, st_stairs_6
D:2:      minmay_evil_eye, layout_rooms, minitemple, fedhas_altar_4
D:3:      layout_basic, uniq_terence
D:4:      layout_cave_pools, uniq_natasha
D:5:      layout_basic, first_ration, nicolae_ru_the_path_less_chosen
D:6:      layout_basic, uniq_eustachio, uniq_crazy_yiuf_cottage
D:7:      layout_basic, minmay_temple_entry_wispy
D:8:      layout_loops_ring, old_standard_altar, enter_bailey_2
D:9:      layout_small_grid, uniq_harold, uniq_pikel
D:10:     layout_loops_ring, lair_entry_dummy, orc_0_dummy,
          trove_entry_hex_spiral, serial_shops, shop, hangedman_pestilent_swarm
D:11:     layout_basic, gammafunk_ghost_grave, basic_altar, serial_glass,
          glass_columns_a, glass_columns_a, glass_columns_b, glass_columns_a,
          item_on_display_a, due_unseen_surprise, kb_rosetta, uniq_psyche,
          uniq_josephine, uniq_maurice
D:12:     layout_roguey, hangedman_decor_opposing
D:13:     layout_basic, david_vaults_1
D:14:     minmay_the_grid_square_5x5_5x5_mashed
          [minmay_the_grid_square_5x5_shrine2,
          minmay_the_grid_square_5x5_two_walls_a, minmay_the_grid_square_5x5_v,
          minmay_the_grid_square_5x5_hollow_slash,
          minmay_the_grid_square_5x5_beaten_path,
          minmay_the_grid_square_5x5_percent,
          minmay_the_grid_square_5x5_prize_gold,
          minmay_the_grid_square_5x5_corner,
          minmay_the_grid_square_5x5_prize_waves,
          minmay_the_grid_square_5x5_three_small,
          minmay_the_grid_square_5x5_trominoes,
          minmay_the_grid_square_5x5_inner_i,
          minmay_the_grid_square_5x5_prize_junk,
          minmay_the_grid_square_5x5_two_small,
          minmay_the_grid_square_5x5_shuriken,
          minmay_the_grid_square_5x5_spiral_small,
          minmay_the_grid_square_5x5_prize_deathbox,
          minmay_the_grid_square_5x5_moneybag,
          minmay_the_grid_square_5x5_prize_pseudospiral,
          minmay_the_grid_square_5x5_minivault,
          minmay_the_grid_square_5x5_pentomino_r,
          minmay_the_grid_square_5x5_broken_cross,
          minmay_the_grid_square_5x5_sharp_hourglass,
          minmay_the_grid_square_5x5_spiral,
          minmay_the_grid_square_5x5_tri_point], layout_long_grid,
          portal_ice_cave_entry_pillars_1, old_standard_altar, uniq_louise
D:15:     grunt_enter_depths_snipers, layout_cave_pools, basic_altar,
          minmay_crystal_water, serial_shops, shop
Lair:1:   layout_small_grid, pond
Lair:2:   layout_regular_city, minmay_shoals_entry_beasts,
          small_statue_intersection, hibernation_bobbens, grunt_megastairs_4,
          infiniplex_staircase_pool, lemuel_fruit_tree, uniq_fannar
Lair:3:   layout_layer_cave, spider_nest_entry_webs, serial_bayou_shore_b,
          grunt_megastairs_3, uniq_gastronok
Lair:4:   layout_concentric_octagons
Lair:5:   layout_regular_city, slime_altar_1, serial_forest,
          infiniplex_forest_corner_2, infiniplex_forest_clump_diagonal,
          infiniplex_forest_lined_corner, infiniplex_forest_lined_room_,
          infiniplex_forest_clump_curved, infiniplex_forest_zigzag_2,
          grunt_forest_large_clearing_hut
Lair:6:   evil_forest, layout_gridlike, serial_bayou_lagoon_a, lookout_lair_type
Shoals:1: layout_shoals, serial_shops, nicolae_shop_stone, uniq_nikola
Shoals:2: layout_shoals, serial_shops, shop, uniq_polyphemus, uniq_ilsuiw
Shoals:3: layout_shoals
Shoals:4: shoals_end_hangedman, layout_shoals, shoal_ilsuiw
Spider:1: layout_spider_delve, special_room [special_room_bee], uniq_agnes
Spider:2: layout_spider_delve, nicolae_spider_cling_halls, uniq_roxanne,
          uniq_azrael, uniq_arachne
Spider:3: layout_spider_delve
Spider:4: johnstein_spider_rune_arachne_lair, gammafunk_ghost_tricky_traps,
          uniq_donald, uniq_asterion, uniq_bai_suzhen
Orc:1:    layout_diamond_mine, basic_altar, serial_shops, shop,
          lemuel_statue_altar
Orc:2:    st_orc_open, layout_caves, basic_altar, serial_shops, shop,
          mines1_david
Elf:1:    minmay_elf_arrival_plus, layout_geoelf_grid, serial_shops,
          nicolae_shop_statue_plus, evilmike_minifort
Depths:1: layout_roguey, hangedman_geh_valley, minmay_strange_pillars,
          lemuel_flamethrower_2, minmay_shop_grove
Hell

Skill      XL: |  1  2  3  4  5  6  7  8  9 10 11 12 13 14 15 16 17 18 19 20 |
---------------+-------------------------------------------------------------+-----
Short Blades   | 1 2 3 4 5 6 7 8 10 11 12 | 12.0
Fighting       | 2 3 4 5 6 7 8 9 10 11 | 11.0
Slings         | 6 12 13 14 | 14.0
Dodging        | 3 4 5 6 7 9 11 12 13 14 15 | 15.9
Translocations | 2 4 5 6 7 8 |  8.0
Hexes          | 1 3 4 5 6 7 8 9 10 | 10.7
Spellcasting   | 1 2 3 4 5 |  5.0
Armour         | 1 5 7 9 10 11 12 | 12.0
Shields        | 5 6 7 8 |  8.0
Invocations    | 1 3 4 5 6 10 | 10.0
Stealth        | 2 4 5 6 |  6.0
Earth Magic    | 4 6 7 9 11 12 | 12.7
Transmutations | 1 2 3 5 |  5.0

Action                   |  1- 3 |  4- 6 |  7- 9 | 10-12 | 13-15 | 16-18 | 19-21 || total
-------------------------+-------+-------+-------+-------+-------+-------+-------++-------
Melee: Short sword       |   121 |   226 |   271 |   762 |  1437 |   150 |       ||  2967
       Dagger            |       |       |       |    88 |   296 |   331 |       ||   715
       Quick blade       |       |       |       |       |       |  1830 |   621 ||  2451
       Rapier            |       |       |       |       |       |       |   236 ||   236
 Fire: Hunting sling     |     3 |    28 |    68 |    71 |   141 |       |       ||   311
       Fustibalus        |       |       |       |       |     3 |   431 |   343 ||   777
 Cast: Portal Projectile |       |       |     2 |     6 |    14 |    36 |    22 ||    80
       Confusing Touch   |       |       |       |     2 |    12 |     2 |     2 ||    18
       Animate Skeleton  |       |       |       |     8 |    39 |     7 |       ||    54
       Passwall          |       |       |       |       |     3 |     1 |       ||     4
       Cause Fear        |       |       |       |       |       |    24 |    16 ||    40
       Tukima's Dance    |       |       |       |       |       |     6 |       ||     6
       Leda's Liquefacti |       |       |       |       |       |     3 |       ||     3
       Petrify           |       |       |       |       |       |       |    12 ||    12
Invok: Ancestor Life: He |       |       |     1 |       |       |       |       ||     1
       Recall Ancestor   |       |       |     1 |     1 |     9 |     5 |     5 ||    21
       Transference      |       |       |       |     1 |       |     4 |       ||     5
       Idealise          |       |       |       |       |     3 |     1 |       ||     4
 Abil: Evoke Flight      |       |       |       |       |       |     1 |     1 ||     2
Evoke: Lamp of fire      |       |       |       |     2 |     2 |     4 |     1 ||     9
       Wand              |       |       |       |     7 |    23 |    12 |     7 ||    49
       Lightning rod     |       |       |       |       |       |     7 |     4 ||    11
       Phantom mirror    |       |       |       |       |       |     1 |       ||     1
  Use: Potion            |       |     4 |     2 |     1 |     7 |    13 |     8 ||    35
       Scroll            |       |     5 |    15 |     6 |    20 |    20 |    10 ||    76
 Stab: Sleeping          |     1 |     1 |     1 |     1 |     9 |    11 |       ||    24
       Distracted        |       |       |     4 |    10 |    17 |    21 |     6 ||    58
       Confused          |       |       |     1 |     8 |    25 |    28 |    29 ||    91
       Paralysed         |       |       |       |       |    14 |    38 |    21 ||    73
       Invisible         |       |       |       |       |       |       |     3 ||     3
       Petrified         |       |       |       |       |       |       |     1 ||     1
  Eat: Chunk             |       |     9 |     9 |    24 |    35 |    28 |    29 ||   134
       Ration            |       |       |     1 |     2 |     8 |    10 |     3 ||    24
Armor: Leather armour    |    33 |    33 |       |       |       |       |       ||    66
       Ring mail         |       |    30 |   101 |   117 |   215 |   260 |   150 ||   873
Dodge: Dodged            |    83 |   212 |   282 |   411 |  1001 |  1585 |   658 ||  4232
Block: Buckler           |       |       |       |    86 |   450 |   768 |   405 ||  1709

Table legend:
 A = Non-vault XP
 B = Vault XP
 C = Vault XP percentage of total XP
 D = Non-vault monster count
 E = Vault monster count
 F = Vault count percentage of total count
                 A         B        C        D         E       F
            +---------+---------+-------+---------+---------+-------
      Total |  227885 |  152315 |  40.1 |     863 |     379 |  30.5
            +---------+---------+-------+---------+---------+-------
        D:1 |      42 |       1 |   2.3 |      23 |       1 |   4.2
        D:2 |     100 |      12 |  10.7 |      30 |       6 |  16.7
        D:3 |     164 |      36 |  18.0 |      32 |       1 |   3.0
        D:4 |     206 |      36 |  14.9 |      13 |       1 |   7.1
        D:5 |     802 |       0 |   0.0 |      27 |       0 |   0.0
        D:6 |    1187 |     227 |  16.1 |      32 |       2 |   5.9
        D:7 |     548 |       0 |   0.0 |      10 |       0 |   0.0
        D:8 |    1008 |     607 |  37.6 |      21 |       1 |   4.5
        D:9 |    1233 |    1039 |  45.7 |      29 |       1 |   3.3
       D:10 |    4281 |     628 |  12.8 |      19 |       4 |  17.4
       D:11 |    2874 |    6446 |  69.2 |      25 |      14 |  35.9
       D:12 |    6243 |       0 |   0.0 |      24 |       0 |   0.0
       D:13 |   14386 |    7816 |  35.2 |      31 |      15 |  32.6
       D:14 |   14122 |   12748 |  47.4 |      50 |      39 |  43.8
       D:15 |   17316 |    2928 |  14.5 |      34 |       3 |   8.1
     Lair:1 |    4088 |     730 |  15.2 |      17 |       9 |  34.6
     Lair:2 |    3569 |    3246 |  47.6 |      19 |      10 |  34.5
     Lair:3 |    4375 |    3895 |  47.1 |      17 |       4 |  19.0
     Lair:4 |    5395 |       0 |   0.0 |      21 |       0 |   0.0
     Lair:5 |   14412 |    2528 |  14.9 |      48 |       7 |  12.7
     Lair:6 |    4357 |    7762 |  64.0 |      15 |      23 |  60.5
   Shoals:1 |   20300 |   10534 |  34.2 |      40 |       7 |  14.9
   Shoals:2 |   14828 |    3900 |  20.8 |      30 |       3 |   9.1
   Shoals:3 |   10301 |       0 |   0.0 |      20 |       0 |   0.0
   Shoals:4 |   15000 |   11608 |  43.6 |      27 |      25 |  48.1
   Spider:1 |   11721 |    4905 |  29.5 |      38 |      29 |  43.3
   Spider:2 |    7328 |    7403 |  50.3 |      24 |       7 |  22.6
   Spider:3 |   11425 |     576 |   4.8 |      30 |       2 |   6.2
   Spider:4 |   13239 |   43880 |  76.8 |      34 |      70 |  67.3
      Orc:1 |    6106 |       0 |   0.0 |      40 |       0 |   0.0
      Orc:2 |    4071 |   13876 |  77.3 |      23 |      38 |  62.3
   Depths:1 |   12858 |     517 |   3.9 |      20 |       2 |   9.1
     Bailey |       0 |    1316 | 100.0 |       0 |      32 | 100.0
      IceCv |       0 |    3115 | 100.0 |       0 |      23 | 100.0
            +---------+---------+-------+---------+---------+-------
